 Dungeon Crawl Stone Soup version 0.24-a0-618-ge4662a2 (console) character file.

Game seed: 2405501204489359071, levelgen mode: deterministic

63 vegansnacktivist the Sneak (level 4, -4/28 HPs)
             Began as an Octopode Transmuter on Sept 16, 2019.
             Killed from afar by an orc wizard (6 damage)
             ... with a magic dart
             ... on level 3 of the Dungeon.
             The game lasted 00:02:01 (1292 turns).

vegansnacktivist the Sneak (Octopode Transmuter)    Turns: 1292, Time: 00:02:02

Health: -4/28      AC:  2    Str: 10    XL:     4   Next: 10%
Magic:  2/16       EV: 19    Int: 15    God:
Gold:   69         SH:  0    Dex: 17    Spells: 1/7 levels left

rFire    x . .     SeeInvis .     - Unarmed
rCold    + . .     Gourm    .   (shield currently unavailable)
rNeg     . . .     Faith    .   (helmet currently unavailable)
rPois    x         Spirit   .   (no amulet)
rElec    .         Reflect  .   f - ring of magical power
rCorr    .         Harm     .   k - ring of wizardry
MR       .....     Rnd*Tele +   h - ring of teleportation (curse)
Stlth    +++.......             m - ring of ice
HPRegen  0.09/turn              (no ring)
MPRegen  0.15/turn              (no ring)
                                (no ring)
                                (no ring)

@: spider-form (expiring), very slightly contaminated
A: tiny, almost no armour, stealthy swim, (amphibious), 8 rings, (constrict 8)
a: End Transformation


You were on level 3 of the Dungeon.
You were hungry.
You were a venomous arachnid creature.
You visited 1 branch of the dungeon, and saw 3 of its levels.

You collected 69 gold pieces.

Inventory:

Missiles
 a - 21 arrows
Jewellery
 f - a ring of magical power (left front leg)
 h - a cursed ring of teleportation (on tentacle)
 k - a ring of wizardry (right front leg)
 m - a ring of ice (on tentacle)
Potions
 i - a potion of flight
 n - a potion of heal wounds
Comestibles
 c - 2 rations


   Skills:
 - Level 1.0 Fighting
 - Level 2.0 Dodging
 + Level 5.3 Stealth
 - Level 3.0 Unarmed Combat
 - Level 2.0 Spellcasting
 - Level 2.0 Transmutations


You had one spell level left.
You knew the following spells:

 Your Spells              Type           Power        Failure   Level  Hunger
a - Beastly Appendage     Tmut           #.....       10%         1    #......
b - Sticks to Snakes      Tmut           #.......     13%         2    ###....
c - Spider Form           Tmut/Pois      #.........   32%         3    ###....

Your spell library contained the following spells:

 Spells                   Type           Power        Failure   Level  Hunger
 Ice Form                 Ice/Tmut       #.......     65%         4    #####..
 Blade Hands              Tmut           #.........   82%         5    ######.


Dungeon Overview and Level Annotations

Branches:
Dungeon (3/15)

Altars:
Kikubaaqudgha
Okawaru


Innate Abilities, Weirdness & Mutations

You cannot wear most types of armour.
You are very stealthy in the water. (Stealth+)
((You are amphibious.))
You can wear up to eight rings at the same time.
((You can use your tentacles to constrict eight enemies at once.))
((Your skin changes colour to match your surroundings (Stealth+).))
((Your rubbery body absorbs attacks. (AC +1, EV +1)))


Message History

The orc wizard barely misses you.
You hit the orc wizard.
The orc wizard is poisoned.
The orc wizard is lightly wounded.
Your adder bites the orc.
The orc throws a silver boomerang.
The silver boomerang closely misses you.
You barely miss the orc wizard.
The orc wizard is moderately wounded.
Your adder bites the orc.
The orc dies!
The orc wizard hits you with a +0 dagger.
* * * LOW HITPOINT WARNING * * *
An orc comes into view. It is wielding a +0 hand axe.
Your adder closely misses the orc wizard.
You hit the orc wizard but do no damage.
The orc wizard looks as sick as possible!
The orc wizard is moderately wounded.
Your adder misses the orc wizard. The orc wizard casts a spell at you.
The magic dart hits you.
You die...

#?....#
#.....#
#.....#
#.....#
#.....#
#..<..#
#.###.....#
..........#
......SsS.#
......So..#
.....).####
.......
####o..
#... ....
#o...


You could see an orc wizard, 2 orcs and 3 friendly adders.

Vanquished Creatures
  An adder (D:3)
  4 dart slugs
  A leopard gecko (D:1)
  6 bats
  A giant cockroach (D:1)
  4 goblins
  5 hobgoblins
  4 jackals (D:1)
  8 kobolds
  4 frilled lizards (D:1)
  2 rats (D:2)
40 creatures vanquished.

Vanquished Creatures (collateral kills)
  An orc (D:3)
1 creature vanquished.

Grand Total: 41 creatures vanquished

Notes
Turn   | Place    | Note
-------+----------+-------------------------------------------
     0 | D:1      | vegansnacktivist the Octopode Transmuter began the quest
                  | for the Orb.
     0 | D:1      | Reached XP level 1. HP: 13/13 MP: 3/3
    20 | D:1      | Reached skill level 1 in Stealth
    60 | D:1      | Reached skill level 2 in Stealth
    63 | D:1      | Reached XP level 2. HP: 10/18 MP: 5/5
   287 | D:1      | Reached skill level 3 in Stealth
   440 | D:1      | Reached XP level 3. HP: 16/23 MP: 6/6
   533 | D:1      | Reached skill level 4 in Stealth
   665 | D:1      | Learned a level 2 spell: Sticks to Snakes
   669 | D:1      | Learned a level 3 spell: Spider Form
   948 | D:2      | Found an iron altar of Okawaru.
  1019 | D:2      | Found an ancient bone altar of Kikubaaqudgha.
  1249 | D:2      | Noticed an ogre
  1279 | D:3      | Reached skill level 5 in Stealth
  1279 | D:3      | Reached XP level 4. HP: 15/28 MP: 7/7
  1292 | D:3      | Killed from afar by an orc wizard

Levels and vault maps discovered:
D:1:      lightli_molten_gateway, layout_rooms, minmay_tiny_reverse_x
D:2:      layout_rooms, lemuel_round_altar, first_ration, minmay_misc_feat_room,
          okawaru_metal_pillars_1_2
D:3:      layout_basic, nicolae_dithmenos_through_a_glass_darkly,
          chequers_ecumenical_altar_simple_redux, uniq_ijyb, uniq_natasha,
          uniq_robin, uniq_sigmund

Skill      XL: |  1  2  3 |
---------------+----------+-----
Stealth        | 2 3 5 |  5.3
Fighting       | |  1.0
Dodging        | |  2.0
Unarmed Combat | |  3.0
Spellcasting   | |  2.0
Transmutations | |  2.0

Action                   |  1- 3 |  4- 6 || total
-------------------------+-------+-------++-------
Melee: Unarmed           |    82 |     4 ||    86
       Constrict         |    26 |       ||    26
       Tentacles         |     9 |       ||     9
       Punch             |     4 |       ||     4
       Kick              |     2 |       ||     2
 Cast: Beastly Appendage |     4 |       ||     4
       Sticks to Snakes  |     2 |     3 ||     5
       Spider Form       |       |     1 ||     1
  Use: Scroll            |     7 |       ||     7
 Stab: Sleeping          |     5 |       ||     5
  Eat: Chunk             |     1 |       ||     1
Armor: Skin              |     9 |       ||     9
Dodge: Dodged            |    56 |     5 ||    61

Table legend:
 A = Non-vault XP
 B = Vault XP
 C = Vault XP percentage of total XP
 D = Non-vault monster count
 E = Vault monster count
 F = Vault count percentage of total count
                 A         B        C        D         E       F
            +---------+---------+-------+---------+---------+-------
      Total |      87 |       4 |   4.4 |      39 |       2 |   4.9
            +---------+---------+-------+---------+---------+-------
        D:1 |      51 |       4 |   7.3 |      26 |       2 |   7.1
        D:2 |      19 |       0 |   0.0 |      10 |       0 |   0.0
        D:3 |      17 |       0 |   0.0 |       3 |       0 |   0.0
            +---------+---------+-------+---------+---------+-------
